 Dungeon Crawl Stone Soup version 0.26-b1-32-g5d43845318 (webtiles) character file.

Game seed: 14601955769056344381

966 Borgoz the Skirmisher (level 8, -8/68 HPs)
             Began as a Ghoul Gladiator on Jan 13, 2021.
             Was a Believer of Okawaru.
             Killed by divine providence
             ... invoked by an orc priest
              (19 damage)
             ... on level 5 of the Dungeon.
             The game lasted 00:06:07 (5960 turns).

Borgoz the Skirmisher (Ghoul Gladiator)             Turns: 5960, Time: 00:06:08

Health: -8/68      AC:  8    Str: 18    XL:     8   Next: 15%
Magic:  8/8        EV: 12    Int:  3    God:    Okawaru [**....]
Gold:   241        SH:  8    Dex: 12    Spells: 7/7 levels left

rFire    + . .     SeeInvis .   r - +1 flail (drain)
rCold    + . .     Faith    .   m - +0 buckler
rNeg     + + +     Spirit   .   a - +0 ring mail of Hepliaklqana's Anger {Harm +Fly Stlth+}
rPois    ∞         Reflect  +   c - +0 helmet
rElec    .         Harm     +   (no cloak)
rCorr    .         Rampage  .   (no gloves)
Will     +....                  l - +0 pair of boots
Stlth    ++........             u - amulet of reflection
HPRegen  0.00/turn              w - ring of protection from fire
MPRegen  0.11/turn              p - ring of willpower

@: mighty, very slightly contaminated, invisible
A: claws 1, cold resistance 1, negative energy resistance 3, inhibited
regeneration, torment resistance, unbreathing
a: Renounce Religion, Evoke Flight, Heroism


You were on level 5 of the Dungeon.
You worshipped Okawaru.
Okawaru was pleased with you.
You visited 1 branch of the dungeon, and saw 5 of its levels.

You collected 241 gold pieces.

Inventory:

Hand Weapons
 r - a +1 flail of draining (weapon)
Missiles
 d - 3 throwing nets (quivered)
Armour
 a - the +0 ring mail of Hepliaklqana's Anger (worn) {Harm +Fly Stlth+}
   (You found it on level 4 of the Dungeon)

   It lets you fly.
   It increases damage dealt and taken.
   It makes you more stealthy.
 c - a +0 helmet (worn)
 l - a +0 pair of boots (worn)
 m - a +0 buckler (worn)
Jewellery
 h - a +6 ring of intelligence
 p - a ring of willpower (right claw)
 s - a +6 ring of strength {unknown}
 u - an amulet of reflection (around neck)
 w - a ring of protection from fire (left claw)
 x - an uncursed amulet of the acrobat {unknown}
Wands
 e - a wand of flame (12)
 y - a wand of acid (10)
Scrolls
 f - 4 scrolls of remove curse
 i - 3 scrolls of amnesia {unknown}
 k - 2 scrolls of teleportation {unknown}
 n - 3 scrolls of identify {unknown}
 o - 3 scrolls of fog {unknown}
 q - a scroll of fear {unknown}
 t - a scroll of immolation {unknown}
 v - a scroll of enchant weapon {unknown}
Potions
 g - 2 potions of brilliance


   Skills:
 * Level 5.1 Fighting
 * Level 4.8 Maces & Flails
 - Level 1.7 Throwing
 * Level 3.8 Armour
 * Level 4.7 Dodging
 + Level 2.6 Invocations


You had 7 spell levels left.
You didn't know any spells.
Your spell library was empty.

Dungeon Overview and Level Annotations

Branches:
Dungeon (5/15)
 Temple: D:4-7

Altars:
Dithmenos
Fedhas
Hepliaklqana
Nemelex Xobeh
Okawaru
Qazlal

Annotations:
D:5 Pikel


Innate Abilities, Weirdness & Mutations

You thrive by killing the living.
You are immune to poison.
You have sharp fingernails.
Your flesh is cold resistant. (rC+)
You are immune to negative energy. (rN+++)
You do not regenerate when monsters are visible.
You are immune to unholy pain and torment.
You can survive without breathing.


Message History

Beogh smites you!
* * * LOW HITPOINT WARNING * * *
You sock Pikel! You drain Pikel.
Pikel is moderately wounded.
Pikel completely misses you.
The orc priest hits you but does no damage.
The orc priest looks satisfied for a moment.
Pikel barely misses you.
It was a potion of invisibility.
You fade into invisibility!
The orc priest misses you. You block Pikel's attack.
You are very lightly contaminated with residual magic.
It was a potion of might.
You feel very mighty all of a sudden. The orc priest barely misses you.
Pikel barely misses you.
You sock the orc priest!
The orc priest is almost dead.
The orc priest invokes the aid of Beogh against you.
Beogh smites you!
You die...

#.#<†.............#
#.##.........##..#
#.#####..........#######
#.# #....##..........#
#.# #....##.#.#.####.#
#.# ####>##..###.## #.#
#....## ##.#
...#######.....###†##
..55o5K@..###.#.#..#
...#####o## ##.#.#.#
..## ##.##.# ##.
#........ #. #........
## .###.#### # #.# .#


You could see Pikel (drained), 3 lemures and 2 orc priests.

Vanquished Creatures
  2 bullfrogs
  2 killer bees (D:5)
  A howler monkey (D:4)
  4 hounds (D:4)
  A bullfrog skeleton (D:4)
  An orc priest (D:5)
  6 orc wizards
  An iguana (D:2)
  2 worker ants (D:4)
  16 adders
  3 adder skeletons
  A worm (D:4)
  2 dart slugs
  2 leopard geckos (D:4)
  26 orcs
  13 bats
  7 giant cockroaches
  12 goblins
  11 hobgoblins
  10 jackals
  8 kobolds
  2 quokkas
  A ball python (D:4)
  4 frilled lizards
  9 rats
147 creatures vanquished.

Vanquished Creatures (others)
  A fungus (D:2)
1 creature vanquished.

Grand Total: 148 creatures vanquished

Notes
Turn   | Place    | Note
-------+----------+-------------------------------------------
     0 | D:1      | Borgoz the Ghoul Gladiator began the quest for the Orb.
     0 | D:1      | Reached XP level 1. HP: 17/17 MP: 0/0
   308 | D:1      | Reached XP level 2. HP: 25/25 MP: 1/1
   467 | D:1      | Found a sparkling altar of Nemelex Xobeh.
  1112 | D:1      | Reached XP level 3. HP: 30/30 MP: 2/2
  1138 | D:1      | Reached skill level 1 in Armour
  1493 | D:2      | Found a blossoming altar of Fedhas.
  1493 | D:2      | Found a stormy altar of Qazlal.
  1722 | D:2      | Found an iron altar of Okawaru.
  1753 | D:2      | Became a worshipper of Warmaster Okawaru
  1903 | D:2      | Reached XP level 4. HP: 37/37 MP: 3/3
  1922 | D:2      | Reached skill level 3 in Fighting
  2646 | D:2      | Reached XP level 5. HP: 27/45 MP: 4/4
  3014 | D:2      | Found a hazy altar of Hepliaklqana.
  3146 | D:3      | Reached skill level 1 in Invocations
  3681 | D:3      | Reached XP level 6. HP: 47/51 MP: 5/5
  4455 | D:3      | Reached * piety under Okawaru
  4456 | D:3      | Reached skill level 4 in Fighting
  4765 | D:4      | Reached XP level 7. HP: 49/59 MP: 7/7
  4795 | D:4      | HP: 2/59 [orc/+2 hand axe of draining (2)]
  5126 | D:4      | Got a bloodstained ring mail
  5137 | D:4      | Identified the +0 ring mail of Hepliaklqana's Anger {Harm
                  | +Fly Stlth+} (You found it on level 4 of the Dungeon)
  5760 | D:4      | Found a shadowy altar of Dithmenos.
  5824 | D:5      | Entered Level 5 of the Dungeon
  5852 | D:5      | Reached XP level 8. HP: 59/67 MP: 8/8
  5934 | D:5      | Reached ** piety under Okawaru
  5935 | D:5      | Reached skill level 5 in Fighting
  5947 | D:5      | Noticed Pikel
  5960 | D:5      | Killed from afar by an orc priest

Illustrated notes

Levels and vault maps discovered:
D:1:      ebering_trefoil_twist, layout_basic, nemelex_xobeh_ov_fountains_minmay
D:2:      layout_loops_corners, grunt_temple_overflow_forces_of_nature,
          nzn_hepliaklqana_mist_gate, okawaru_metal_pillars_3, st_stairs_7
D:3:      layout_loops_corners, chequers_serial_rivers_micro_b
D:4:      layout_cave_pods, kennysheep_little_box, minmay_fractal_squares_5
D:5:      layout_loops_ring, tgw_xom, uniq_pikel

Skill      XL: |  1  2  3  4  5  6  7  8 |
---------------+-------------------------+-----
Maces & Flails | 3 4 |  4.8
Armour         | 1 2 3 |  3.8
Dodging        | 3 4 |  4.7
Fighting       | 3 4 5 |  5.1
Invocations    | 1 2 |  2.6
Throwing       | |  1.7

Action                   |  1- 3 |  4- 6 |  7- 9 || total
-------------------------+-------+-------+-------++-------
Melee: Flail             |   138 |   345 |   167 ||   650
Evoke: Wand              |       |       |     1 ||     1
  Use: Scroll            |     1 |       |     1 ||     2
       Potion            |       |     3 |     4 ||     7
 Stab: Sleeping          |       |     1 |     2 ||     3
Armor: Leather armour    |    68 |   133 |    45 ||   246
       Ring mail         |       |       |    21 ||    21
Dodge: Dodged            |   161 |   231 |   111 ||   503
Block: Buckler           |       |   137 |    93 ||   230
       Reflection        |       |     2 |     1 ||     3
